 Dungeon Crawl Stone Soup version 0.25.1-2-g60ff931df9 (webtiles) character file.

Game seed: 9628513174752443486

69 Impeuri the Sneak (level 4, -3/23 HPs)
             Began as a Vine Stalker Assassin on Aug 20, 2020.
             Slain by a centaur (6 damage)
             ... on level 2 of the Dungeon.
             The game lasted 00:02:22 (1672 turns).

Impeuri the Sneak (Vine Stalker Assassin)           Turns: 1672, Time: 00:02:22

Health: -3/23      AC:  3    Str: 14    XL:     4   Next: 20%
Magic:  0/5        EV: 11    Int: 11    God:
Gold:   97         SH:  0    Dex: 16    Spells: 3/3 levels left

rFire    . . .     SeeInvis .   o - +1 dagger (venom)
rCold    . . .     Gourm    .   (no shield)
rNeg     . . .     Faith    .   b - +0 robe
rPois    .         Spirit   +   (no helmet)
rElec    .         Reflect  .   c - +0 cloak
rCorr    .         Harm     .   (no gloves)
MR       .....                  (no boots)
Stlth    +++.......             (no amulet)
HPRegen  0.47/turn              (no ring)
MPRegen  0.09/turn              (no ring)

@: no status effects
A: fangs 2, regeneration 1, magic shield, antimagic bite, no potion heal 3, rot
immunity
a: no special abilities


You were on level 2 of the Dungeon.
You were not hungry.

You visited 1 branch of the dungeon, and saw 2 of its levels.

You collected 97 gold pieces.

Inventory:

Hand Weapons
 a - a +2 dagger
 i - a +2 dagger of protection
 o - a +1 dagger of venom (weapon)
Missiles
 d - 8 poisoned darts (quivered)
 e - 2 curare-tipped darts
Armour
 b - a +0 robe (worn)
 c - a +0 cloak (worn)
Scrolls
 g - 2 scrolls of remove curse {unknown}
 j - a scroll of blinking {unknown}
 k - 2 scrolls of fog {unknown}
 m - a scroll of teleportation {unknown}
 n - a scroll of noise {unknown}
 p - a scroll of amnesia {unknown}
Potions
 l - 5 potions of curing {unknown}
Comestibles
 f - 3 rations
 h - 7 chunks of flesh


   Skills:
 - Level 1.7 Fighting
 + Level 2.6 Short Blades
 + Level 2.6 Throwing
 - Level 0.7 Dodging
 + Level 5.6 Stealth


You had 3 spell levels left.
You didn't know any spells.
Your spell library was empty.

Dungeon Overview and Level Annotations

Branches:
Dungeon (2/15)

Altars:
Ashenzari


Innate Abilities, Weirdness & Mutations

You have extremely sharp teeth.
Your natural rate of healing is unusually fast.
When hurt, damage is shared between your health and your magic reserves.
Your bite disrupts and absorbs the magic of your enemies.
Potions cannot restore your health.
You are immune to rotting.


Message History

You hit the centaur.
The centaur is poisoned.
Your bite misses the centaur.
The centaur is lightly wounded.
The centaur hits you.
You hit the centaur.
The centaur is lightly wounded.
The centaur hits you! The centaur hits you.
* * * LOW HITPOINT WARNING * * *
Some of the chunks of flesh in your inventory have rotted away.
You hit the centaur but do no damage.
The centaur looks as sick as possible!
You bite the centaur, but do no damage.
The centaur is moderately wounded.
The centaur closely misses you.
You hit the centaur but do no damage.
The centaur looks as sick as possible!
The centaur is moderately wounded.
The centaur hits you.
* * * LOW HITPOINT WARNING * * *
You barely miss the centaur. You bite the centaur, but do no damage.
The centaur is moderately wounded.
The centaur hits you.
You die...

...# #).#..###.....### #.####
(..###.##....##.##...### #.....
...##..#.....#..#..#..)### #.....
...##.##...)##.##.####...###.....
#.##...###.....#..#..###.........
#.##.#...####.##.##....##.##.....
#.##.###...#..#..#.....#..#.....#
#.##...###...##(##....##.##.##...
..#..#...###.#..@#.#..#..#.......
###.####)..#####.cl####.##.#.#.#.
#..#..#.#...#.###...#..#..#.#...
##.##....##.##...###...##.##.+...
#..#.....#..#..#...###.#.........
#.##....##.##.####...#.#.....####
...###..#..#.....###...#.†......#
##...####.##.##....##.##........#
.###...#..#..#.....#..#.........#


You could see a centaur (extremely poisoned) and a leopard gecko.

Vanquished Creatures
  An adder (D:2)
  A worm (D:2)
  3 dart slugs (D:2)
  A leopard gecko (D:2)
  5 giant cockroaches
  12 goblins
  7 hobgoblins
  A jackal (D:2)
  4 bats (D:1)
  5 kobolds
  4 rats
44 creatures vanquished.

Notes
Turn   | Place    | Note
-------+----------+-------------------------------------------
     0 | D:1      | Impeuri the Vine Stalker Assassin began the quest for the
                  | Orb.
     0 | D:1      | Reached XP level 1. HP: 11/11 MP: 2/2
   234 | D:1      | Reached skill level 5 in Stealth
   321 | D:1      | Reached XP level 2. HP: 14/15 MP: 3/3
   968 | D:2      | Reached XP level 3. HP: 13/18 MP: 2/4
  1519 | D:2      | Gained mutation: Your natural rate of healing is unusually
                  | fast. [Vine Stalker growth]
  1519 | D:2      | Reached XP level 4. HP: 22/23 MP: 5/5
  1532 | D:2      | Found a shattered altar of Ashenzari.
  1647 | D:2      | Noticed a centaur
  1672 | D:2      | Slain by a centaur

Illustrated notes

Levels and vault maps discovered:
D:1:      dpeg_arrival_three_same_balls, layout_loops_ring
D:2:      minmay_skewed_foursquare, layout_basic, evilmike_ruin_ashenzari,
          first_ration, roderic_serpentine_path

Skill      XL: |  1 |
---------------+----+-----
Short Blades   | 2 |  2.6
Throwing       | 2 |  2.6
Stealth        | 5 |  5.6
Fighting       | |  1.7
Dodging        | |  0.7

Action                   |  1- 3 |  4- 6 || total
-------------------------+-------+-------++-------
Melee: Dagger            |    88 |    20 ||   108
       Bite              |    22 |    11 ||    33
 Stab: Sleeping          |     9 |     1 ||    10
  Eat: Chunk             |     2 |       ||     2
Armor: Robe              |    23 |       ||    23
Dodge: Dodged            |    43 |     5 ||    48
